 Dungeon Crawl Stone Soup version 0.28-a0-1033-g1a2f33fa85 (webtiles) character file.

Game seed: 4019229371949371342

92 Strat the Grave Robber (level 4, -8/33 HPs)
             Began as a Demigod Necromancer on Dec 7, 2021.
             Killed by an exploding gnoll (32 damage)
             ... ignited by their inner flame
             ... on level 3 of the Dungeon.
             The game lasted 00:06:10 (4341 turns).

Strat the Grave Robber (Demigod Necromancer)        Turns: 4341, Time: 00:06:11

Health: -8/33      AC:  7    Str:  9    XL:     4   Next: 13%
Magic:  8/9        EV: 10    Int: 21    God:
Gold:   80         SH:  0    Dex: 14    Spells: 1/6 levels left

rFire   . . .      SeeInvis .   a - +0 rapier
rCold   . . .      Faith    .   (no shield)
rNeg    . . .      Spirit   .   n - +0 ring mail
rPois   .          Reflect  .   (no helmet)
rElec   .          Harm     .   (no cloak)
rCorr   .          Rampage  .   (no gloves)
Will    .....                   h - +1 pair of boots
Stlth   +.........              (no amulet)
HPRegen 0.11/turn               (no ring)
MPRegen 0.11/turn               (no ring)

@: no status effects
A: high mp 1, forlorn, divine attributes
a: no special abilities


You were on level 3 of the Dungeon.
You visited 1 branch of the dungeon, and saw 4 of its levels.

You collected 80 gold pieces.

Inventory:

Hand Weapons
 a - a +0 rapier (weapon)
 b - a +0 hunting sling of freezing
 e - a +0 club
 l - a +0 short sword
Missiles
 d - 12 boomerangs (quivered)
 j - 90 stones
 o - 22 poisoned darts
Armour
 c - a +0 ring mail
 h - a +1 pair of boots (worn)
 i - a +0 robe
 m - a +0 leather armour
 n - a +0 ring mail (worn)
Scrolls
 r - a scroll of enchant armour
Potions
 f - a potion of flight {unknown}
 g - a potion of cancellation {unknown}
 k - a potion of attraction {unknown}
 p - a potion of heal wounds {unknown}


   Skills:
 - Level 1.7 Dodging
 - Level 1.7 Stealth
 - Level 1.7 Spellcasting
 + Level 5.3 Necromancy


You had one spell level left.
You knew the following spells:

 Your Spells              Type           Power      Damage    Failure   Level
a - Pain                  Necr           96%        1d8       4%          1
b - Animate Skeleton      Necr           48%        N/A       4%          1
c - Vampiric Draining     Necr           24%        2d7       14%         3

Your spell library contained the following spells:

 Spells                   Type           Power      Damage    Failure   Level
 Animate Dead             Necr           12%        N/A       43%         4
 Dazzling Flash           Conj/Hex       2%         N/A       77%         3
 Agony                    Necr           24%        N/A       78%         5
 Silence                  Hex/Air        0%         N/A       100%        5


Dungeon Overview and Level Annotations

Branches:
Dungeon (4/15)
 Temple: D:4-7

Annotations:
D:3 1 runed translucent door, Crazy Yiuf


Innate Abilities, Weirdness & Mutations

You have an increased reservoir of magic. (+10% MP)
You shall have no god before yourself.
Your divine heritage dramatically boosts your attributes as you level up.


Message History

The jackal barks!
You shoot a stone. The stone completely misses the jackal.
You shoot a stone. The stone hits the jackal.
The stone freezes the jackal.
The jackal is moderately wounded.
The jackal bites you but does no damage.
The jackal closely misses you.
You shoot a stone. The stone hits the jackal.
The stone freezes the jackal.
You kill the jackal!
No target in view!
j - 89 stones (gained 2)
j - 90 stones (gained 1)
A gnoll comes into view. It is wielding a +0 halberd.
The gnoll moves out of view. 2 gnolls come into view.
The gnoll shouts!
You hear a shout! x2
As you read the scroll labelled WEALAF QIOXZY, it crumbles to dust.
The creatures around you are filled with an inner flame!
It was a scroll of immolation.
The wyvern zombie bites you but does no damage.
The gnoll hits you from afar with a +0 halberd.
The gnoll misses you.
Really attack while wielding your +0 hunting sling of freezing? [Y]es or [N]o only, please.
Really attack while wielding your +0 hunting sling of freezing?
Okay, then.
Your +0 hunting sling of freezing stops glowing.
a - a +0 rapier (weapon)
The wyvern zombie bites you but does no damage.
Casting: Pain (safe; 4% risk of failure)
Confirm with . or Enter, or press ? or * to list all spells.
Aiming: Pain (safe; 4% risk of failure)
Press: ? - help, Shift-Dir - straight line, f - gnoll
Aim: a gnoll, wielding a +0 halberd (inner flame, chance to affect: 88%)
The gnoll writhes in agony.
Flame seeps out of the gnoll.
The wyvern zombie bites you.
The gnoll is engulfed in blazing flames.
The gnoll explodes!
The fiery explosion engulfs you!!
Ouch! That really hurt!
You die...

#.# .# #####.####.##
##########......##g..###..
#.........................
#.########......##...#####
#.# #####.####.## #.# #.#
.# #.# ##########.# .# #.#
#.....Z@○..# .# #.#
#.########## .# #.#
........# .#
###.############.#
#.######
#..............#.#
#oo.o..#
#..###...........# ##.#
####..# #.#######†###
###.### ......# #.# ##.##
##.....## .####.# #.#
##...## ##..^^...#


You could see a wyvern zombie (inner flame).

Vanquished Creatures
  An adder (D:3)
  A gnoll (D:3)
  4 worms (D:3)
  4 dart slugs
  An orc (D:3)
  7 ball pythons
  2 endoplasms (D:1)
  5 giant cockroaches
  4 goblins
  6 hobgoblins
  9 jackals
  2 quokkas
  3 frilled lizards
  5 kobolds
  3 rats
57 creatures vanquished.

Vanquished Creatures (others)
  5 withered plants (D:3)
5 creatures vanquished.

Grand Total: 62 creatures vanquished

Notes
Turn   | Place    | Note
-------+----------+-------------------------------------------
     0 | D:1      | Strat the Demigod Necromancer began the quest for the Orb.
     0 | D:1      | Reached XP level 1. HP: 14/14 MP: 5/5
   336 | D:1      | Reached skill level 4 in Necromancy
   342 | D:1      | Reached XP level 2. HP: 8/20 MP: 1/7
   772 | D:1      | Learned a level 1 spell: Animate Skeleton
  1700 | D:2      | Reached XP level 3. HP: 26/26 MP: 8/8
  2915 | D:3      | Learned a level 3 spell: Vampiric Draining
  2956 | D:3      | Found a runed translucent door.
  2957 | D:3      | Noticed Crazy Yiuf
  3131 | D:3      | Reached skill level 5 in Necromancy
  3864 | D:3      | Reached XP level 4. HP: 15/33 MP: 1/9
  4341 | D:3      | Killed by an exploding gnoll... ignited by their inner
                  | flame

Illustrated notes

Levels and vault maps discovered:
D:1:      dpeg_arrival_radiant, layout_loops_ring, grunt_decor_cap
D:2:      layout_loops_ring, basic_altar, roderic_serpentine_path
D:3:      layout_loops_ring, kiku_gazebo_garden_becter, grunt_decor_arrowhead,
          nicolae_wormholes, uniq_crazy_yiuf_cottage
D:4:      layout_basic, tso_oasis_becter,
          grunt_temple_overflow_forces_of_nature, nicolae_shop_self_help,
          uniq_ijyb

Skill      XL: |  1  2  3 |
---------------+----------+-----
Necromancy     | 4 5 |  5.3
Dodging        | |  1.7
Stealth        | |  1.7
Spellcasting   | |  1.7

Action                   |  1- 3 |  4- 6 || total
-------------------------+-------+-------++-------
Melee: Unarmed           |     4 |       ||     4
       Short sword       |   115 |       ||   115
       Club              |     8 |       ||     8
       Rapier            |    42 |    11 ||    53
 Fire: Hunting sling     |       |     6 ||     6
Throw: Boomerang         |    10 |       ||    10
 Cast: Pain              |    39 |     3 ||    42
       Vampiric Draining |       |     1 ||     1
  Use: Scroll            |     1 |     1 ||     2
 Stab: Sleeping          |     7 |       ||     7
Armor: Robe              |    35 |       ||    35
       Ring mail         |    32 |     7 ||    39
       Leather armour    |     2 |       ||     2
Dodge: Dodged            |   142 |    10 ||   152

Table legend: (Time is in decaauts)
 A = Elapsed time spent in this place.
 B = Non-inter-level travel time spent in this place.
 C = Inter-level travel time spent in this place.
 D = Time resting spent in this place.
 E = Time spent auto-exploring this place.
 F = Levels seen in this place.
 G = Mean time per level.
                   A        B        C        D        E       F      G
               +--------+--------+--------+--------+--------+-----+--------+
         Total |   4368 |   4304 |     64 |   1556 |   1903 |   4 | 1092.0 |
       Dungeon |   4368 |   4304 |     64 |   1556 |   1903 |   4 | 1092.0 |
               +--------+--------+--------+--------+--------+-----+--------+

Top non-repeatable levels by time:
     D:1: 1638 daAuts
     D:2: 1350 daAuts
     D:3: 1226 daAuts
     D:4: 153 daAuts
